 Dungeon Crawl Stone Soup version 0.28-a0-631-g0446da8ef9 (webtiles) character file.

Game seed: 15546473140903773302

141793 EnegeticOcto the Severer (level 17, -16/134 HPs)
             Began as a Djinni Monk on Oct 9, 2021.
             Was the Champion of Nemelex Xobeh.
             Blown up by an orb spider (54 damage)
             ... with an orb of destruction
             ... on level 2 of the Spider Nest on Oct 10, 2021.
             The game lasted 01:23:52 (35283 turns).

EnegeticOcto the Severer (Djinni Monk)             Turns: 35283, Time: 01:23:52

Health: -16/134    AC: 11    Str: 14    XL:     17   Next: 95%
Gold:   1149       EV: 13    Int: 14    God:    Nemelex Xobeh [******] SH: 16 Dex: 28

rFire   + + +      SeeInvis .   a - +7 broad axe (vamp)
rCold   x . .      Faith    .   z - +0 kite shield
rNeg    . . .      Spirit   .   N - +4 ring mail of Puad {+Blink Str+2 Dex+6}
rPois   ∞          Reflect  .   d - +0 helmet of Transparent Wonder {Rampage Regen+ Dex+3}
rElec   .          Harm     .   V - +2 cloak {rF+}
rCorr   .          Rampage  +   l - +1 pair of gloves
Will    +....                   (boots unavailable)
Stlth   +++.......              v - amulet of Vitality {Regen+ HP+15}
HPRegen 2.32/turn               Z - +4 ring of protection
MPRegen 0.00/turn               k - +4 ring of protection

@: corroded, flying, studying Crossbows
A: sickness immunity, fire resistance 2, cold vulnerability 1, float, innate
caster, hp casting, extra vitality 1
a: Renounce Religion, Evoke Blink, Draw Escape, Draw Destruction, Draw
Summoning, Draw Stack, Triple Draw, Deal Four, Stack Five


You were on level 2 of the Spider Nest.
You worshipped Nemelex Xobeh.
Nemelex Xobeh was exalted by your worship.
You visited 5 branches of the dungeon, and saw 26 of its levels.
You also visited: Volcano.

You collected 2746 gold pieces.
You spent 1597 gold pieces at shops.

Inventory:

Hand Weapons
 a - a +7 vampiric broad axe (weapon)
   (You took it off a centaur on level 6 of the Dungeon)
 i - the +7 mace "Sulang" {flame, rElec Str+6}
   (You found it on level 1 of the Spider Nest)

   It burns those it strikes, dealing additional fire damage.
   Str:       It affects your strength (+6).
   rElec:     It insulates you from electricity.
 t - a +3 dagger of distortion
   (You found it on level 8 of the Dungeon)
 y - the +5 broad axe "Impbane" {antimagic, Dex+5}
   (You bought it in a shop on level 2 of the Orcish Mines)

   It reduces the magical energy of the wielder, and disrupts the spells and
   magical abilities of those it strikes.
   Natural abilities and divine invocations are not affected.
   Dex:       It affects your dexterity (+5).
Missiles
 c - 103 poisoned darts (quivered)
 C - 6 throwing nets {!f}
Armour
 d - the +0 helmet of Transparent Wonder (worn) {Rampage Regen+ Dex+3}
   (You acquired it on level 6 of the Dungeon)

   Dex:       It affects your dexterity (+3).
   Regen:     It increases your rate of health regeneration.
   Rampage:   It bestows one free step when moving towards enemies.
 l - a +1 pair of gloves (worn)
   (You found it on level 12 of the Dungeon)
 z - a +0 kite shield (worn)
   (You found it on level 9 of the Dungeon)
 N - the +4 ring mail of Puad (worn) {+Blink Str+2 Dex+6}
   (You found it on level 4 of the Lair of Beasts)

   Str:       It affects your strength (+2).
   Dex:       It affects your dexterity (+6).
   +Blink:    It lets you blink.
 V - a +2 cloak of fire resistance (worn)
   (You found it in a volcano)
Jewellery
 e - a ring of protection from cold
   (You found it on level 2 of the Dungeon)
 k - a +4 ring of protection (right hand)
   (You found it on level 7 of the Dungeon)
 r - a ring of willpower
   (You found it on level 8 of the Dungeon)
 v - the amulet of Vitality (around neck) {Regen+ HP+15}
   (You bought it in a shop on level 1 of the Orcish Mines)

   [amulet of regeneration]

   HP:        It affects your health (+15).
   Regen:     It increases your rate of health regeneration.
 X - a ring of ice
   (You found it on level 6 of the Lair of Beasts)
 Y - a ring of resist corrosion
   (You found it on level 15 of the Dungeon)
 Z - a +4 ring of protection (left hand)
   (You found it on level 6 of the Lair of Beasts)
Wands
 b - a wand of iceblast (23) {@v2}
   (You found it on level 14 of the Dungeon)
 g - a wand of paralysis (16)
   (You bought it in a shop on level 6 of the Dungeon)
 h - a wand of charming (7)
   (You found it on level 1 of the Lair of Beasts)
 w - a wand of digging (6) {@v3}
   (You found it on level 5 of the Dungeon)
 A - a wand of mindburst (20)
   (You found it on level 9 of the Dungeon)
 B - a wand of flame (65) {@v4}
   (You found it on level 9 of the Dungeon)
 G - a wand of polymorph (17)
   (You found it on level 10 of the Dungeon)
 L - a wand of acid (7) {@v1}
   (You found it on level 3 of the Lair of Beasts)
Scrolls
 j - 16 scrolls of teleportation {@r3 !r}
 s - 3 scrolls of immolation
 D - 15 scrolls of identify {@r1}
 H - 3 scrolls of fog {!r}
 I - 6 scrolls of magic mapping {@r5 !r}
 J - 4 scrolls of summoning
 O - 2 scrolls of vulnerability
 S - 5 scrolls of enchant armour
Potions
 f - 3 potions of cancellation
 m - 5 potions of brilliance
 n - 11 potions of curing {@q1 !q}
 p - 5 potions of lignification {@q6}
 q - 7 potions of ambrosia
 x - 6 potions of haste {@q4 !q}
 E - 3 potions of might {@q3 !q}
 F - 7 potions of heal wounds {@q2 !q}
 P - 5 potions of resistance
 T - 3 potions of invisibility
 U - 5 potions of mutation
 W - 2 potions of attraction
Miscellaneous
 u - a box of beasts
   (You found it on level 12 of the Dungeon)
 K - a lightning rod (4/4)
   (You found it on level 3 of the Lair of Beasts)
 M - a tin of tremorstones (1/2)
   (You found it on level 12 of the Dungeon)
 Q - a phial of floods
   (You found it on level 12 of the Dungeon)
 R - a phantom mirror
   (You found it on level 4 of the Lair of Beasts)


   Skills:
 + Level 10.1 Fighting
 - Level 18.0 Axes
 - Level 3.2 Dodging
 - Level 4.0 Stealth
 + Level 14.4 Shields
 - Level 6.1 Unarmed Combat
 - Level 7.0 Spellcasting
 - Level 7.3 Invocations
 - Level 6.0 Evocations


You couldn't memorise any spells.
You knew the following spells:

 Your Spells              Type           Power      Damage    Failure   Level
a - Shock                 Conj/Air       96%        1d9       1%          1
b - Poisonous Vapours     Pois/Air       48%        N/A       2%          2
c - Call Imp              Summ           24%        N/A       2%          2
d - Conjure Flame         Conj/Fire      24%        6-21      5%          3
e - Summon Forest         Summ/Tloc      12%        N/A       45%         5
f - Silence               Hex/Air        12%        N/A       45%         5
g - Death Channel         Necr           12%        N/A       95%         6
h - Ozocubu's Refrigerat  Ice            12%        4d7       100%        7
Your spell library was empty.


Dungeon Overview and Level Annotations

Branches:
Dungeon (15/15)            Temple (1/1) D:7            Lair (6/6) D:10
 Shoals (0/4) Lair:3       Spider (2/4) Lair:3        Slime (0/5) Lair:5
    Orc (2/2) D:9             Elf (0/3) Orc:2        Vaults (0/5) D:13
 Depths (0/4) D:15        Volcano (visited)

Altars:
Ashenzari
Cheibriados
Dithmenos
Elyvilon
Fedhas
Gozag
Hepliaklqana
Kikubaaqudgha
Makhleb
Nemelex Xobeh
Okawaru
Qazlal
Ru
Sif Muna
Trog
Uskayaw
Vehumet
Wu Jian
Xom
Yredelemnul
Zin
The Shining One
Beogh
Jiyva

Shops:
D:6 *   D:9 *   D:14 :   Orc:1 =   Orc:2 *(:[

Annotations:
D:3 1 runed translucent door, Crazy Yiuf
D:5 3 runed translucent doors, iamserjio's ghost, novice OpCK
D:7 1 runed translucent door
D:9 1 runed translucent door, NoKap's ghost, novice GnFi
Lair:2 1 runed translucent door, iamserjio's ghost, journeyman OpCK
Lair:5 1 runed translucent door
Spider:1 1 runed translucent door, TimeIsEndless's ghost, journeyman DrIE


Innate Abilities, Weirdness & Mutations

You are immune to sickness and miasma.
You are immune to poison.
Your flesh is very heat resistant. (rF++)
You are vulnerable to cold. (rC-)
You float through the air rather than walking.
You learn spells naturally, not from books.
Your magical power is your life essence.
You have superior vitality. (+4 HP)


Message History

The entropy weaver hits you but does no damage.
You block the entropy weaver's attack. x2; The entropy weaver hits you.
An orb spider comes into view.
You closely miss the entropy weaver.
The entropy weaver is lightly wounded.
The entropy weaver hits you. x2; The entropy weaver closely misses you.
You block the entropy weaver's attack.
There are monsters nearby!
The orb spider hisses angrily.
You hit the entropy weaver but do no damage.
The entropy weaver is lightly wounded.
You slice the entropy weaver!!
The entropy weaver is moderately wounded.
The entropy weaver points at you and mumbles some strange words.
The entropic weave corrodes you!
You barely miss the entropy weaver.
The entropy weaver is moderately wounded.
You block the entropy weaver's attack.
The entropy weaver hits you but does no damage. x2
You block the entropy weaver's attack.
You hit the entropy weaver.
The entropy weaver is heavily wounded.
The entropy weaver hits you but does no damage.
You block the entropy weaver's attack. x2; The entropy weaver hits you!
You closely miss the entropy weaver.
The entropy weaver is heavily wounded.
You block the entropy weaver's attack. The entropy weaver hits you!
You block the entropy weaver's attack. x2
The orb spider spins a strand of pure energy.
You slash the entropy weaver!
The entropy weaver is severely wounded.
The entropy weaver barely misses you. You block the entropy weaver's attack.
The entropy weaver hits you! You block the entropy weaver's attack.
You are too injured to fight recklessly!
You hit the entropy weaver.
You feel better.
The entropy weaver is severely wounded.
You block the entropy weaver's attack.
The entropy weaver hits you but does no damage.
You block the entropy weaver's attack. x2
You hit the entropy weaver.
You feel better.
The entropy weaver is severely wounded.
The entropy weaver hits you. You block the entropy weaver's attack.
The entropy weaver hits you! You block the entropy weaver's attack.
You barely miss the entropy weaver.
The entropy weaver is severely wounded.
The entropy weaver hits you.
The entropy weaver hits you but does no damage.
The entropy weaver hits you. You block the entropy weaver's attack.
Casting: Poisonous Vapours (safe; 2% risk of failure)
Confirm with . or Enter, or press ? or * to list all spells.
Aiming: Poisonous Vapours (safe; 2% risk of failure)
Press: ? - help, Dir - move target, f - entropy weaver
Aim: an entropy weaver (severely wounded) Poisonous vapours surround the entropy weaver!
The entropy weaver is poisoned.
The entropy weaver casts a spell at you.
The entropic weave corrodes you!
Casting: Poisonous Vapours (safe; 2% risk of failure)
Confirm with . or Enter, or press ? or * to list all spells.
Aiming: Poisonous Vapours (safe; 2% risk of failure)
Press: ? - help, Dir - move target, f/p - entropy weaver
Aim: an entropy weaver (severely wounded, very poisoned) Poisonous vapours surround the entropy weaver!
The entropy weaver looks as sick as possible!
You block the entropy weaver's attack. x3
The entropy weaver hits you but does no damage.
You slash the entropy weaver!
You feel better.
The entropy weaver is almost dead.
You block the entropy weaver's attack. The entropy weaver hits you.
The entropy weaver hits you! The entropy weaver hits you.
You slash the entropy weaver!
You feel better.
You kill the entropy weaver!
The orb spider weaves a glowing orb of energy.
An orb of destruction comes into view.
Found a scroll of teleportation.
The orb spider spins a strand of pure energy.
The orb of destruction hits you!!
* * * LOW HITPOINT WARNING * * *
Casting: Poisonous Vapours (safe; 2% risk of failure)
Confirm with . or Enter, or press ? or * to list all spells.
Aiming: Poisonous Vapours (safe; 2% risk of failure)
Press: ? - help, Dir - move target, f - orb spider
Aim: an orb spider (fully charged) Poisonous vapours surround the orb spider!
The orb spider is poisoned.
* * * LOW HITPOINT WARNING * * *
Casting: Poisonous Vapours (safe; 2% risk of failure)
Confirm with . or Enter, or press ? or * to list all spells.
Aiming: Poisonous Vapours (safe; 2% risk of failure)
Press: ? - help, Dir - move target, f/p - orb spider
Aim: an orb spider (lightly wounded, fully charged, poisoned) Poisonous vapours surround the orb spider!
The orb spider looks even sicker.
* * * LOW HITPOINT WARNING * * *
The orb spider weaves a glowing orb of energy.
An orb of destruction comes into view.
The orb spider spins a strand of pure energy.
The orb of destruction hits you!!!
You die...
Your body disappears without a glow.

.............††.###
..........####†## #
........### #.#
##...##.### #.#
######...###^..
###............
#...○○○s.######..
######.○○..†..#.#
##
#....@☼..†††....# #
#...#.....†.....# #
#?#.............#
#. #
##...........## ..
#...........# ..
##.........## ..
...........# ..
#.........## .. ..


You could see an orb spider (charged, very poisoned).

Vanquished Creatures
  Saint Roka (Orc:2)
  Jorgrun (Orc:1)
  Frances (D:12)
  2 emperor scorpions
  Aizul (Spider:2)
  An orc warlord (Orc:1)
  2 entropy weavers
  2 fire dragons
  Josephine (D:15)
  2 great orbs of eyes
  2 vault guards (D:13)
  A rakshasa (D:12)
  Fannar (D:12)
  6 boulder beetles
  An ice dragon (D:15)
  12 hydras
  A merfolk avatar (Lair:6)
  11 two-headed ogres
  5 centaur warriors
  9 death yaks
  2 orc high priests
  A death knight (D:15)
  A tengu warrior (D:13)
  A sea snake (Lair:6)
  4 skeletal warriors
  A lindwurm (Lair:6)
  2 phantasmal warriors (D:15)
  2 harpies (Lair:6)
  3 orc knights (Orc:2)
  A mana viper (D:12)
  11 wolf spiders
  7 orb spiders
  5 orc sorcerers
  6 ugly things
  7 cyclopes
  4 deep elf pyromancers
  8 manticores
  A nameless horror (D:9)
  A moth of wrath (Spider:1)
  3 centaur zombies
  Maurice (D:9)
  3 salamanders (Volcano)
  6 elephants
  A torpor snail (Spider:1)
  2 gargoyles
  16 cane toads
  An unseen horror (D:12)
  A komodo dragon (shapeshifter) (D:15)
  5 kobold demonologists
  A rime drake (Lair:3)
  9 demonic crawlers
  2 efreet (D:12)
  4 freezing wraiths
  16 komodo dragons
  2 yaktaurs (D:13)
  6 meliai
  A queen bee (Lair:4)
  9 trolls
  A meliai (shapeshifter) (D:14)
  9 jumping spiders
  A merfolk (Spider:1)
  4 polar bears
  5 hornets
  Grinder (D:3)
  A hornet (shapeshifter) (D:14)
  A raiju (shapeshifter) (D:12)
  5 blink frogs (Lair:6)
  A snapping turtle (Lair:6)
  8 slime creatures
  7 dream sheep (Lair:2)
  2 centaur simulacra
  Sigmund (D:2)
  14 tarantellas
  23 redbacks
  6 wraiths
  8 wyverns
  6 fire bats (Volcano)
  3 vampires
  A basilisk (Lair:5)
  70 yaks
  A yak (shapeshifter) (D:15)
  20 humans (D:13)
  4 steam dragons
  5 vampire mosquitoes
  2 wargs
  4 acid dragons
  A floating eye (Spider:1)
  11 water moccasins
  A sky beast (D:6)
  30 orc warriors
  2 ice beasts (D:6)
  4 black bears
  3 necrophages (D:6)
  7 ogres
  11 centaurs
  6 wolves (Lair:6)
  Blork the orc (Orc:2)
  A gnoll sergeant (D:12)
  13 bullfrogs
  5 scorpions
  A wyvern zombie (D:6)
  A water moccasin skeleton (D:4)
  25 killer bees
  12 wights
  8 howler monkeys
  20 orc priests
  3 bullfrog zombies
  3 jellies
  2 hounds
  A bullfrog skeleton (D:4)
  A centaur skeleton (D:7)
  Jessica (D:3)
  Terence (D:3)
  2 iguanas
  23 orc wizards
  A hound skeleton (D:2)
  A howler monkey zombie (D:9)
  11 gnolls
  9 adders
  A river rat (D:6)
  3 white imps
  5 worms
  86 orcs
  4 ball pythons
  4 endoplasms
  3 giant cockroaches
  6 goblins
  4 hobgoblins
  4 jackals (D:1)
  6 quokkas
  8 bats
  5 frilled lizards
  7 kobolds
  3 rats
805 creatures vanquished.

Vanquished Creatures (collateral kills)
  3 elephants (Lair:4)
  2 cane toads (Lair:4)
  A rime drake (Lair:4)
  An unseen horror (D:8)
  A meliai (Lair:4)
  A wyvern (Lair:4)
  2 yaks (D:9)
  An ice beast (D:5)
  An ogre (D:4)
  A centaur (D:9)
  A phantom (D:4)
  A kobold brigand (D:9)
  A killer bee (Lair:4)
  2 orc wizards (Orc:2)
  An adder (D:6)
  An orc (D:4)
  An endoplasm (D:4)
22 creatures vanquished.

Vanquished Creatures (others)
  Nikola (Spider:1)
  A cane toad (Spider:1)
  A tarantella (Spider:1)
  A redback (Spider:1)
  2 wyverns (Volcano)
  2 orc wizards (D:12)
  An orc (D:12)
  53 fungi
  142 plants
204 creatures vanquished.

Grand Total: 1031 creatures vanquished

Notes
Turn   | Place    | Note
-------+----------+-------------------------------------------
     0 | D:1      | EnegeticOcto the Djinni Monk began the quest for the Orb.
     0 | D:1      | Reached XP level 1. HP: 20/20 MP: 0/0
    65 | D:1      | Found a faded altar of an unknown god.
   176 | D:1      | Reached skill level 2 in Stealth
   190 | D:1      | Reached XP level 2. HP: 24/25 MP: 0/0
   873 | D:1      | Reached XP level 3. HP: 30/30 MP: 0/0
   873 | D:1      | Learned a level 1 spell: Shock
  1134 | D:2      | Noticed Sigmund
  1858 | D:1      | Reached skill level 4 in Unarmed Combat
  2289 | D:2      | Reached skill level 1 in Spellcasting
  2289 | D:2      | Reached XP level 4. HP: 18/35 MP: 0/0
  2918 | D:3      | Noticed an orc warrior
  2996 | D:3      | Noticed Grinder
  3000 | D:3      | Killed Grinder
  3001 | D:3      | Reached skill level 5 in Unarmed Combat
  3001 | D:3      | Reached skill level 2 in Spellcasting
  3001 | D:3      | Reached XP level 5. HP: 40/40 MP: 0/0
  3001 | D:3      | Learned a level 2 spell: Poisonous Vapours
  3001 | D:3      | Reached XP level 6. HP: 46/46 MP: 0/0
  3140 | D:3      | Found a shadowy altar of Dithmenos.
  3497 | D:3      | Killed an orc warrior
  3498 | D:3      | Reached skill level 3 in Spellcasting
  3498 | D:3      | Reached XP level 7. HP: 42/50 MP: 0/0
  3498 | D:3      | Learned a level 2 spell: Call Imp
  4121 | D:3      | Noticed Jessica
  4127 | D:3      | Killed Jessica
  4254 | D:3      | Noticed Terence
  4266 | D:3      | Killed Terence
  4267 | D:3      | Reached skill level 4 in Spellcasting
  4534 | D:3      | Found a runed translucent door.
  4535 | D:3      | Noticed Crazy Yiuf
  5157 | D:4      | Reached skill level 4 in Fighting
  5613 | D:4      | HP: 1/52 [ogre (23)]
  5979 | D:4      | Reached XP level 8. HP: 30/58 MP: 0/0
  6235 | D:4      | HP: 1/58 [phantom (5)]
  6242 | D:4      | Reached skill level 5 in Spellcasting
  7126 | D:4      | Reached skill level 5 in Fighting
  7624 | D:5      | Entered Level 5 of the Dungeon
  7748 | D:5      | Reached skill level 3 in Stealth
  8405 | D:5      | Found a runed translucent gate.
  8406 | D:5      | Found a runed translucent gate.
  8406 | D:5      | Found a runed translucent gate.
  8408 | D:5      | Noticed iamserjio's ghost (novice OpCK)
  9422 | D:6      | Reached skill level 6 in Spellcasting
  9422 | D:6      | Reached XP level 9. HP: 9/65 MP: 0/0
  9422 | D:6      | Learned a level 3 spell: Conjure Flame
  9702 | D:6      | Identified a scroll of acquirement
  9702 | D:6      | Acquired the +0 helmet of Transparent Wonder {Rampage
                  | Regen+ Dex+3}
  9989 | D:6      | Noticed a boulder beetle
  9989 | D:6      | Noticed a manticore
 10011 | D:6      | Killed a manticore
 10012 | D:6      | Reached skill level 7 in Spellcasting
 10037 | D:6      | Reached skill level 6 in Fighting
 10310 | D:6      | Reached skill level 7 in Fighting
 11148 | D:5      | Reached skill level 8 in Fighting
 11148 | D:5      | Reached XP level 10. HP: 62/77 MP: 0/0
 11302 | D:2      | Killed Sigmund
 11303 | D:2      | Reached skill level 9 in Fighting
 12556 | D:7      | Reached skill level 4 in Stealth
 12624 | D:7      | Reached skill level 6 in Unarmed Combat
 12788 | D:7      | Found a staircase to the Ecumenical Temple.
 12797 | Temple   | Entered the Ecumenical Temple
 12837 | Temple   | Became a worshipper of Nemelex Xobeh the Trickster
 12837 | Temple   | Reached * piety under Nemelex Xobeh
 12837 | Temple   | Received a gift from Nemelex Xobeh
 12837 | Temple   | Reached ** piety under Nemelex Xobeh
 13022 | D:6      | Reached skill level 1 in Invocations
 13049 | D:6      | Reached skill level 2 in Invocations
 13102 | D:6      | Reached skill level 3 in Invocations
 13176 | D:6      | Noticed a great orb of eyes
 13176 | D:6      | a boulder beetle changed into a great orb of eyes
 13513 | D:6      | Killed a great orb of eyes
 13514 | D:6      | Reached skill level 5 in Invocations
 13795 | D:6      | Found Foleucuyn's General Store.
 13822 | D:6      | Found Waucubb's Specific Store.
 13828 | D:6      | Bought a wand of paralysis (11) for 143 gold pieces
 13836 | D:6      | Bought a scroll of enchant weapon for 82 gold pieces
 13843 | D:6      | Bought a potion of curing for 39 gold pieces
 14049 | D:6      | Found a hide-covered altar of Uskayaw.
 14049 | D:6      | Found a broken altar of Ashenzari.
 14049 | D:6      | Found a burning altar of Makhleb.
 14112 | D:7      | Reached skill level 1 in Axes
 14137 | D:7      | Found a hazy altar of Hepliaklqana.
 14156 | D:7      | Found a runed translucent door.
 14156 | D:7      | Noticed a sixfirhy
 14198 | D:7      | Found a snail-covered altar of Cheibriados.
 14725 | D:8      | Noticed Psyche
 14730 | D:8      | Noticed Psyche
 14730 | D:8      | Psyche changed into Psyche the steam dragon
 14737 | D:8      | Killed Psyche the steam dragon
 14820 | D:8      | Reached skill level 2 in Axes
 14820 | D:8      | Reached XP level 11. HP: 22/84 MP: 0/0
 14820 | D:8      | Learned a level 5 spell: Summon Forest
 14822 | D:8      | Reached skill level 6 in Invocations
 14932 | D:8      | Found a stormy altar of Qazlal.
 14968 | D:8      | Received a gift from Nemelex Xobeh
 15179 | D:9      | Noticed Maurice
 15179 | D:9      | Noticed a two-headed ogre
 15260 | D:9      | Noticed a nameless horror
 15265 | D:9      | Killed a nameless horror
 15270 | D:9      | Killed Maurice
 15271 | D:9      | Reached skill level 3 in Axes
 15567 | D:9      | Killed a two-headed ogre
 15568 | D:9      | Reached skill level 4 in Axes
 15568 | D:9      | Reached skill level 7 in Invocations
 15680 | D:9      | Found Alennam's General Store.
 15941 | D:8      | Found a shimmering altar of Xom.
 15968 | D:8      | Reached skill level 5 in Axes
 16090 | D:9      | Found a staircase to the Orcish Mines.
 16134 | D:8      | Reached skill level 6 in Axes
 16173 | D:9      | Noticed a sun demon
 16278 | D:9      | Reached *** piety under Nemelex Xobeh
 16333 | D:9      | Found a runed translucent door.
 16333 | D:9      | Found a shimmering altar of Xom.
 16333 | D:9      | Noticed NoKap's ghost (novice GnFi)
 16334 | D:9      | Noticed a +1 hand axe of chaos
 16516 | D:10     | Entered Level 10 of the Dungeon
 16735 | D:10     | Noticed a two-headed ogre
 16755 | D:10     | Killed a two-headed ogre
 16756 | D:10     | Reached skill level 7 in Axes
 16874 | D:10     | Noticed a two-headed ogre
 16906 | D:10     | Killed a two-headed ogre
 16907 | D:10     | Reached XP level 12. HP: 67/89 MP: 0/0
 16943 | D:10     | Received a gift from Nemelex Xobeh
 17069 | D:10     | Found a bloodstained altar of Trog.
 17266 | D:10     | Found a staircase to the Lair.
 17466 | Lair:1   | Entered Level 1 of the Lair of Beasts
 17511 | Lair:1   | Received a gift from Nemelex Xobeh
 17549 | Lair:1   | Reached skill level 8 in Axes
 17788 | Lair:1   | Noticed a seven-headed hydra
 17811 | Lair:1   | Killed a seven-headed hydra
 17812 | Lair:1   | Reached skill level 9 in Axes
 17941 | Lair:1   | Reached **** piety under Nemelex Xobeh
 18249 | Lair:1   | Noticed a seven-headed hydra
 18546 | Lair:2   | Found a runed translucent door.
 18562 | Lair:2   | Found a shimmering altar of Xom.
 18562 | Lair:2   | Noticed iamserjio's ghost (journeyman OpCK)
 18563 | Lair:2   | Noticed a +2 quarterstaff of chaos
 18623 | Lair:2   | Noticed a six-headed hydra
 18770 | Lair:1   | Killed a seven-headed hydra
 18771 | Lair:1   | Reached skill level 10 in Axes
 19197 | Lair:2   | Received a gift from Nemelex Xobeh
 19467 | Lair:2   | Killed a four-headed hydra
 19612 | Lair:2   | Reached skill level 11 in Axes
 19614 | Lair:2   | Reached XP level 13. HP: 94/94 MP: 0/0
 19614 | Lair:2   | Learned a level 5 spell: Silence
 19781 | Lair:2   | Noticed a seven-headed hydra
 19810 | Lair:2   | Killed a one-headed hydra
 20174 | Lair:2   | Reached skill level 12 in Axes
 20411 | Lair:3   | Found a hole to the Spider Nest.
 20463 | Lair:3   | Found a staircase to the Shoals.
 20622 | Lair:3   | Noticed an eight-headed hydra
 20641 | Lair:3   | Killed a three-headed hydra
 20701 | Lair:3   | Received a gift from Nemelex Xobeh
 20724 | Lair:3   | Reached ***** piety under Nemelex Xobeh
 20770 | Lair:3   | Reached skill level 13 in Axes
 20788 | Lair:3   | Received a gift from Nemelex Xobeh
 21359 | Lair:4   | Identified the +4 ring mail of Puad {+Blink Str+2 Dex+6}
 21401 | Lair:4   | Received a gift from Nemelex Xobeh
 21431 | Lair:4   | Identified the +3 leather armour of Squeaky Life {Str+7
                  | Dex+3 Slay-5}
 22067 | Lair:5   | Reached skill level 14 in Axes
 22070 | Lair:5   | Reached XP level 14. HP: 73/101 MP: 0/0
 22504 | Lair:5   | Found a runed translucent door.
 22504 | Lair:5   | Found a viscous altar of Jiyva.
 22506 | Lair:5   | Found a staircase to the Slime Pits.
 22787 | Lair:5   | Received a gift from Nemelex Xobeh
 23223 | Lair:6   | Entered Level 6 of the Lair of Beasts
 23712 | Lair:6   | Reached skill level 15 in Axes
 23725 | Lair:6   | Found a dark tunnel.
 23732 | Volcano  | Entered a volcano
 24078 | Volcano  | Received a gift from Nemelex Xobeh
 24392 | Lair:6   | Upgraded the game from 0.28-a0-630-g0357d9c091 to
                  | 0.28-a0-631-g0446da8ef9
 24646 | Lair:6   | Reached skill level 16 in Axes
 25165 | Lair:6   | Reached skill level 1 in Shields
 25554 | Lair:6   | Reached skill level 2 in Shields
 25579 | Lair:6   | Reached XP level 15. HP: 83/105 MP: 0/0
 25579 | Lair:6   | Learned a level 6 spell: Death Channel
 25626 | Lair:6   | Reached skill level 3 in Shields
 25735 | Lair:6   | Reached skill level 4 in Shields
 26073 | Lair:6   | Received a gift from Nemelex Xobeh
 26249 | Lair:6   | Reached skill level 5 in Shields
 26382 | Lair:6   | Identified the +8 broad axe of Sharp Reinforcement {venom,
                  | Dex+3}
 26936 | D:11     | Reached skill level 6 in Shields
 27016 | D:11     | Received a gift from Nemelex Xobeh
 27553 | Orc:1    | Entered Level 1 of the Orcish Mines
 27623 | Orc:1    | Received a gift from Nemelex Xobeh
 27697 | Orc:2    | Entered Level 2 of the Orcish Mines
 27820 | Orc:2    | Reached ****** piety under Nemelex Xobeh
 27876 | Orc:1    | Noticed an orc warlord
 27889 | Orc:1    | Killed an orc warlord
 27890 | Orc:1    | Reached skill level 17 in Axes
 27895 | Orc:1    | Noticed Jorgrun
 27919 | Orc:1    | Killed Jorgrun
 27920 | Orc:1    | Reached skill level 7 in Shields
 27952 | Orc:1    | Found Duskumeink's Jewellery Shoppe.
 27991 | Orc:1    | Bought the amulet of Vitality {Regen+ HP+15} for 869 gold
                  | pieces
 27991 | Orc:1    | Found the amulet of Vitality {Regen+ HP+15}
 28080 | Orc:1    | Received a gift from Nemelex Xobeh
 28412 | Orc:2    | Noticed Blork the orc
 28414 | Orc:2    | Noticed Saint Roka
 28422 | Orc:2    | Killed Saint Roka
 28422 | Orc:2    | Killed Blork the orc
 28539 | Orc:2    | Reached skill level 8 in Shields
 28592 | Orc:2    | Found Tuoffuqe's Antique Armour Shop.
 28616 | Orc:2    | Found Mylastro's Antique Weapon Shop.
 28620 | Orc:2    | Found Qimm's General Store.
 28773 | Orc:2    | Found Baeraox's Book Shop.
 28797 | Orc:2    | Bought 2 potions of heal wounds for 140 gold pieces
 28813 | Orc:2    | Bought a steaming broad axe for 324 gold pieces
 28813 | Orc:2    | Identified the +5 broad axe "Impbane" {antimagic, Dex+5}
                  | (You bought it in a shop on level 2 of the Orcish Mines)
 28985 | Orc:2    | Reached XP level 16. HP: 112/112 MP: 0/0
 28996 | Orc:2    | Found a staircase to the Elven Halls.
 29232 | D:12     | Received a gift from Nemelex Xobeh
 29362 | D:12     | Noticed Frances
 29383 | D:12     | Killed Frances
 29461 | D:12     | Noticed Fannar
 29507 | D:12     | Killed Fannar
 29543 | D:12     | Received a gift from Nemelex Xobeh
 29649 | D:12     | Noticed Nessos
 29650 | D:12     | Noticed Nessos
 29650 | D:12     | Nessos changed into Nessos the mana viper
 29658 | D:12     | Killed Nessos the mana viper
 29876 | D:12     | Reached skill level 9 in Shields
 30192 | D:12     | Identified the +9 hunting sling "Impslayer" {freeze,
                  | Fragile rPois rCorr Str-5}
 30264 | D:12     | Reached skill level 10 in Shields
 30275 | D:12     | Reached skill level 18 in Axes
 30464 | D:12     | Received a gift from Nemelex Xobeh
 30939 | D:13     | Received a gift from Nemelex Xobeh
 31044 | D:13     | Found a gate to the Vaults.
 31054 | D:13     | Reached skill level 11 in Shields
 31584 | D:14     | Found Utogujuu's Book Emporium.
 31611 | D:14     | Reached skill level 12 in Shields
 31834 | D:14     | Reached XP level 17. HP: 108/116 MP: 0/0
 31834 | D:14     | Learned a level 7 spell: Ozocubu's Refrigeration
 31920 | D:14     | Received a gift from Nemelex Xobeh
 32146 | D:14     | Paralysed by a great orb of eyes for 4 turns
 32327 | D:15     | Entered Level 15 of the Dungeon
 32376 | D:15     | Found a staircase to the Depths.
 32376 | D:15     | Received a gift from Nemelex Xobeh
 32625 | D:15     | Noticed Josephine
 32633 | D:15     | Reached skill level 13 in Shields
 32641 | D:15     | Killed Josephine
 32737 | D:15     | Received a gift from Nemelex Xobeh
 33265 | D:15     | Found a sparkling altar of Nemelex Xobeh.
 33532 | Spider:1 | Entered Level 1 of the Spider Nest
 33620 | Spider:1 | Reached skill level 1 in Evocations
 33710 | Lair:3   | Reached skill level 2 in Evocations
 33848 | Spider:1 | Reached skill level 3 in Evocations
 33849 | Spider:1 | Noticed Nikola
 33883 | Spider:1 | Killed Nikola
 33916 | Spider:1 | Reached skill level 14 in Shields
 33916 | Spider:1 | Reached skill level 4 in Evocations
 34243 | Spider:1 | Identified the +7 mace "Sulang" {flame, rElec Str+6}
 34256 | Spider:1 | Received a gift from Nemelex Xobeh
 34348 | Spider:1 | Found a runed translucent door.
 34348 | Spider:1 | Found a shimmering altar of Xom.
 34348 | Spider:1 | Noticed TimeIsEndless's ghost (journeyman DrIE)
 34348 | Spider:1 | Identified the +10 battleaxe "Xynn" {chaos, rN+}
 34512 | Spider:2 | Reached skill level 5 in Evocations
 34584 | Spider:2 | Noticed Aizul
 34618 | Spider:2 | Killed Aizul
 35071 | Spider:2 | Received a gift from Nemelex Xobeh
 35204 | Spider:2 | Reached skill level 6 in Evocations
 35216 | Spider:2 | Reached skill level 10 in Fighting
 35283 | Spider:2 | Blown up by an orb spider

Illustrated notes

Levels and vault maps discovered:
D:1:      saegor_arrival_simple_c, layout_loops_ring,
          shapermc_ecumenical_altar_notcrosses, grunt_decor_junction,
          minivault_27
D:2:      layout_rooms, uniq_sigmund
D:3:      layout_basic, grunt_dithmenos_smoke, st_stairs_8, moated_statue,
          minmay_misc_feat_cross, kennysheep_jessica_study,
          uniq_crazy_yiuf_cottage, uniq_terence, uniq_jessica, uniq_grinder
D:4:      layout_loops_corners, serial_bayou_pond_c
D:5:      layout_basic, ebering_ghost_rock_garden
D:6:      hangedman_cross_stitches, layout_loops_ring,
          gammafunk_temple_overflow_forgotten, nicolae_ossuary_entry_plus,
          cheibrodos_sewer_entry_sluice, nicolae_specific_store,
          minmay_misc_feat_ornament, minmay_alternating_orb
D:7:      cheibrodos_shockbox, layout_cave_pods, mainiacjoe_overflow_alcove_1,
          worldfamousw_hep_ancestral_shrine, minmay_temple_entry_mist,
          serial_column_ruins, column_ruins_grid_3, column_ruins_open_large,
          column_ruins_columns_dead_end, column_ruins_grid_2,
          column_ruins_open_small, amcnicky_mini_rare_corridor_liquid,
          serial_bayou_crossing
D:8:      layout_basic, grunt_qazlal_clouds,
          mainiacjoe_overflow_concentric_impassable, uniq_psyche
D:9:      layout_cave_pools, david_orc_2, ebering_ghost_xom, serial_shops,
          shop_fountains, uniq_maurice
D:10:     layout_loops_ring, mainiacjoe_overflow_alcove_4, lair_entry_dummy
D:11:     layout_long_grid
D:12:     minmay_the_grid_square_5x5_5x5 [minmay_the_grid_square_5x5_inner_z,
          minmay_the_grid_square_5x5_lines,
          minmay_the_grid_square_5x5_beaten_path,
          minmay_the_grid_square_5x5_tetrominoes, minmay_the_grid_square_5x5_v,
          minmay_the_grid_square_5x5_gyroscope,
          minmay_the_grid_square_5x5_prize_snowflake,
          minmay_the_grid_square_5x5_tri_point,
          minmay_the_grid_square_5x5_prize_waves,
          minmay_the_grid_square_5x5_inner_i,
          minmay_the_grid_square_5x5_inverted_slash,
          minmay_the_grid_square_5x5_spiral_small,
          minmay_the_grid_square_5x5_prize_itemx,
          minmay_the_grid_square_5x5_eight_small,
          minmay_the_grid_square_5x5_two_walls_b,
          minmay_the_grid_square_5x5_detours,
          minmay_the_grid_square_5x5_prize_junk,
          minmay_the_grid_square_5x5_inner_v,
          minmay_the_grid_square_5x5_prize_rear_guard,
          minmay_the_grid_square_5x5_seven, minmay_the_grid_square_5x5_forky,
          minmay_the_grid_square_5x5_two, minmay_the_grid_square_5x5_inset,
          minmay_the_grid_square_5x5_c, minmay_the_grid_square_5x5_longway],
          layout_basic, uniq_fannar, uniq_frances, uniq_nessos
D:13:     layout_irregular_city, grunt_vaults_entry_tiered
D:14:     layout_basic, corexii_hall_statues_s, serial_shops, shop
D:15:     grunt_enter_depths_hoard, layout_stronghold,
          nemelex_diamond_rough_becter, chequers_serial_rivers_small_b,
          uniq_josephine
Temple:   cyrus_circular_temple
Lair:1:   layout_cave_pods, chequers_serial_rivers_micro_e
Lair:2:   layout_cave_pods, ebering_ghost_xom, infiniplex_staircase_pool_2,
          lemuel_fruit_fields
Lair:3:   layout_loops_ring, minmay_shoals_entry_centaurs,
          nicolae_spider_entry_non_spiders, grunt_megastairs_4
Lair:4:   layout_misc_corridors, special_room [special_room_bee]
Lair:5:   layout_layer_cave, slime_altar_2
Lair:6:   gammafunk_lair_ancient_temple, layout_regular_city, enter_volcano_2
Spider:1: layout_spider_delve, ebering_ghost_xom, uniq_nikola
Spider:2: layout_chambers, uniq_aizul
Orc:1:    layout_caves, serial_shops, shop, uniq_jorgrun
Orc:2:    grunt_orc_cross, layout_diamond_mine

Skill      XL: |  1  2  3  4  5  6  7  8  9 10 11 12 13 14 15 16 17 |
---------------+----------------------------------------------------+-----
Stealth        | 2 3 4 |  4.0
Unarmed Combat | 4 5 6 |  6.1
Spellcasting   | 1 2 3 4 6 7 |  7.0
Fighting       | 4 5 8 9 10 | 10.1
Invocations    | 5 7 |  7.3
Axes           | 2 7 11 14 16 17 18 | 18.0
Shields        | 2 8 12 14 | 14.4
Evocations     | 6 |  6.0
Dodging        | |  3.2

Action                   |  1- 3 |  4- 6 |  7- 9 | 10-12 | 13-15 | 16-18 || total
-------------------------+-------+-------+-------+-------+-------+-------++-------
Melee: Unarmed           |   114 |     7 |   144 |    50 |       |       ||   315
       Punch             |     2 |       |     5 |    20 |    53 |       ||    80
       Broad axe         |       |       |       |   383 |  1072 |  1117 ||  2572
       Trident           |       |       |       |     5 |       |       ||     5
       Hand axe          |       |       |       |     2 |    49 |    25 ||    76
Throw: Dart              |       |       |       |       |       |     9 ||     9
 Cast: Shock             |    27 |     8 |   108 |    73 |    27 |     4 ||   247
       Poisonous Vapours |       |    16 |   152 |   156 |   148 |    63 ||   535
       Call Imp          |       |       |    13 |    40 |    15 |       ||    68
       Conjure Flame     |       |       |     4 |    18 |     5 |     1 ||    28
       Summon Forest     |       |       |       |     4 |       |       ||     4
Invok: Draw Destruction  |       |       |       |    14 |    17 |     9 ||    40
       Draw Summoning    |       |       |       |     2 |     3 |     1 ||     6
       Stack Five        |       |       |       |       |     1 |       ||     1
Evoke: Wand              |       |     4 |     3 |     9 |     5 |     5 ||    26
       Lightning rod     |       |       |       |       |     7 |     4 ||    11
       Phantom mirror    |       |       |       |       |     2 |     1 ||     3
       Tin of tremorston |       |       |       |       |       |     4 ||     4
       Phial of floods   |       |       |       |       |       |     1 ||     1
  Use: Scroll            |       |       |    10 |    17 |     9 |     9 ||    45
       Potion            |       |       |     3 |     4 |       |     2 ||     9
 Stab: Sleeping          |     3 |       |       |     7 |     7 |    14 ||    31
       Distracted        |       |       |       |     4 |       |     1 ||     5
       Paralysed         |       |       |       |       |     6 |       ||     6
       Held in net/web   |       |       |       |       |       |     1 ||     1
Armor: Robe              |    14 |       |    30 |    71 |       |       ||   115
       Skin              |       |       |       |    36 |       |       ||    36
       Troll leather arm |       |       |       |   140 |   128 |       ||   268
       Ring mail         |       |       |       |       |   409 |   569 ||   978
Dodge: Dodged            |    89 |     6 |   143 |   330 |   769 |   418 ||  1755
Block: Kite shield       |       |       |       |       |   133 |   893 ||  1026

Table legend: (Time is in decaauts)
 A = Elapsed time spent in this place.
 B = Non-inter-level travel time spent in this place.
 C = Inter-level travel time spent in this place.
 D = Time resting spent in this place.
 E = Time spent auto-exploring this place.
 F = Levels seen in this place.
 G = Mean time per level.
                   A        B        C        D        E       F      G
               +--------+--------+--------+--------+--------+-----+--------+
         Total |  34997 |  32311 |   2686 |   6847 |  17531 |  27 | 1296.2 |
       Dungeon |  22667 |  20691 |   1976 |   5036 |  11478 |  15 | 1511.1 |
        Temple |     48 |     41 |      7 |      0 |      0 |   1 |   48.0 |
          Lair |   8546 |   7948 |    598 |   1199 |   4458 |   6 | 1424.3 |
   Spider Nest |   1514 |   1504 |     10 |    308 |    629 |   2 |  757.0 |
  Orcish Mines |   1582 |   1488 |     94 |    220 |    775 |   2 |  791.0 |
       Volcano |    637 |    637 |      0 |     83 |    191 |   1 |  637.0 |
               +--------+--------+--------+--------+--------+-----+--------+

Top non-repeatable levels by time:
     D:6: 3234 daAuts
     D:5: 2815 daAuts
     D:4: 2647 daAuts
  Lair:6: 2315 daAuts
     D:3: 2149 daAuts
     D:1: 1898 daAuts
    D:12: 1532 daAuts
  Lair:5: 1518 daAuts
  Lair:1: 1447 daAuts
  Lair:3: 1281 daAuts
    D:10: 1182 daAuts
  Lair:2: 1159 daAuts
   Orc:2: 1106 daAuts
     D:2: 1079 daAuts
     D:8: 1012 daAuts
